 Dungeon Crawl Stone Soup version 0.31-a0-187-gba352fbbf7 (webtiles) character file.

Game seed: 12461135860654865128

24080 juan097 the Cleaver (level 13, -15/89 (98) HPs)
             Began as a Formicid Fighter on June 22, 2023.
             Was a High Priest of Zin.
             Killed from afar by an ice statue (29 damage)
             ... with a bolt of cold
             ... in an ice cave.
             The game lasted 00:41:16 (14909 turns).

juan097 the Cleaver (Formicid Fighter)             Turns: 14909, Time: 00:41:16

HP:   -15/89 (98)   AC: 13    Str: 26    XL:     13   Next: 40%
MP:   0/20          EV: 11    Int:  8    God:    Zin [*****.]
Gold: 584           SH:  5    Dex: 13    Spells: 16/18 levels left

rFire   . . .        a - +3 war axe (heavy)
rCold   . . .        c - +0 buckler
rNeg    . . .        s - +3 scale mail
rPois   .            (helmet unavailable)
rElec   .            (no cloak)
rCorr   .            E - +1 pair of gloves
SInv    +            (no boots)
Will    +++..        D - amulet of guardian spirit
Stlth   +            y - ring of willpower
HPRegen 0.34/turn    B - ring of willpower
MPRegen 0.17/turn

%: guardian spirit
@: drained
A: permanent stasis, dig shafts and tunnels, antennae 3, four strong arms
a: Dig, Renounce Religion, Recite, Vitalisation, Imprison, Sanctuary, Donate
Gold


You were in an ice cave.
You worshipped Zin.
Zin was extremely pleased with you.
You visited 4 branches of the dungeon, and saw 13 of its levels.
You also visited: Sewer, Ossuary and Ice Cave.

You collected 1126 gold pieces.
You spent 442 gold pieces at shops.
You donated 100 gold pieces to Zin.

Inventory:

Hand Weapons
 a - a +3 heavy war axe (weapon)
 b - a +0 orcbow
 w - a +0 hand axe of venom
Missiles
 m - 2 throwing nets
 q - 38 poisoned darts (quivered)
 F - 3 atropa-tipped darts
 I - 4 curare-tipped darts
 O - 6 javelins
 P - a boomerang
 Q - 2 silver boomerangs
Armour
 c - a +0 buckler (worn)
 s - a +3 scale mail (worn)
 E - a +1 pair of gloves (worn)
Jewellery
 y - a ring of willpower (left hand)
 B - a ring of willpower (right hand)
 D - an amulet of guardian spirit (around neck)
 S - the ring of Zotoph {rF+ rN+}
   (You bought it in a shop on level 1 of the Orcish Mines)

   [ring of protection from fire]

   rF:        It protects you from fire.
   rN:        It protects you from negative energy.
 T - a ring of resist corrosion
Wands
 k - a wand of paralysis (3)
 K - a wand of iceblast (15)
 N - a wand of quicksilver (4)
Scrolls
 h - a scroll of poison
 o - 3 scrolls of enchant weapon
 p - 2 scrolls of fog
 v - 10 scrolls of immolation
 C - 3 scrolls of vulnerability
 H - a scroll of fear
 J - a scroll of noise {unknown}
 L - 2 scrolls of identify
 R - a scroll of acquirement {unknown}
Potions
 d - a potion of invisibility
 e - 4 potions of brilliance
 f - 9 potions of ambrosia
 g - 4 potions of cancellation
 i - a potion of magic
 l - 5 potions of heal wounds {unknown}
 n - 5 potions of attraction
 r - 4 potions of lignification {unknown}
 t - a potion of resistance
 u - 5 potions of curing
 z - 9 potions of haste {unknown}
 A - 3 potions of mutation {unknown}
 M - a potion of might


   Skills:
 + Level 8.1 Fighting
 + Level 14.0 Axes
 + Level 1.0 Throwing
 + Level 8.1 Armour
 - Level 4.0 Dodging
 - Level 4.0 Stealth
 - Level 6.0 Shields
 - Level 3.0 Spellcasting
 - Level 6.0 Transmutations
 - Level 7.0 Earth Magic
 - Level 10.0 Invocations
 + Level 1.1 Evocations


You had 16 spell levels left.
You knew the following spells:

 Your Spells              Type           Power      Damage    Failure   Level
a - Passwall              Tmut/Erth      9%         N/A       9%          2

Your spell library contained the following spells:

 Spells                   Type           Power      Damage    Failure   Level
 Shock                    Conj/Air       4%         1d3       61%         1
 Ensorcelled Hibernation  Hex/Ice        2%         N/A       75%         2
 Lee's Rapid Deconstruct  Erth           6%         3d6*      77%         5
 Leda's Liquefaction      Hex/Erth       3%         N/A       88%         4
 Call Canine Familiar     Summ           1%         N/A       93%         3
 Inner Flame              Hex/Fire       1%         N/A       93%         3
 Portal Projectile        Hex/Tloc       2%         N/A       93%         3
 Tukima's Dance           Hex            1%         N/A       93%         3
 Volatile Blastmotes      Fire/Tloc      2%         2d10      93%         3
 Yara's Violent Unravell  Hex/Tmut       3%         3d4       99%         5
 Airstrike                Air            0%         2d(1-17)  100%        4
 Fulminant Prism          Conj/Hex       0%         3d5       100%        4
 Iskenderun's Mystic Bla  Conj/Tloc      1%         2d3       100%        4
 Passage of Golubria      Tloc           1%         N/A       100%        4
 Plasma Beam              Fire/Air       0%         2x1d10    100%        6
 Storm Form               Tmut/Air       3%         N/A       100%        7
 Maxwell's Capacitive Co  Air            0%         ∞         100%        8
 Swiftness                Air            Unusable   N/A       N/A         3

Dungeon Overview and Level Annotations

Branches:
Dungeon (10/15)            Temple (1/1) D:4            Lair (1/5) D:8
    Orc (1/2) D:10          Sewer (visited)         Ossuary (visited)
  IceCv (1/1)

Altars:
Ashenzari
Cheibriados
Dithmenos
Elyvilon
Fedhas
Gozag
Hepliaklqana
Kikubaaqudgha
Makhleb
Nemelex Xobeh
Okawaru
Qazlal
Ru
Sif Muna
Trog
Uskayaw
Vehumet
Wu Jian
Xom
Yredelemnul
Zin
The Shining One

Shops:
D:1 :   D:2 (   D:4 (   Orc:1 [*:

Annotations:
D:4 2 transporters, superbruh's ghost, amateur TeCj
D:8 2 transporters, exclusion: ice statue, knightboat's ghost, novice NaHu
D:9 2 transporters, AwFulAwFulPlayer's ghost, novice DEHu
Lair:1 1 transporter IceCv exclusion: ice statue


Innate Abilities, Weirdness & Mutations

You cannot be hasted, slowed, berserked, paralysed or teleported.
You can dig through walls and to a lower floor.
You have a pair of large antennae on your head. (SInv)
Your four strong arms can wield two-handed weapons with a shield.


Message History

Welcome back, juan097 the Formicid Fighter.
Zin says: Spread the light, my child.
Press ? for a list of commands and other information.
You extend your mandibles.
Really walk into a travel-excluded area?
You dig through the ice covered rock wall.
You feel drained.
Really walk into a travel-excluded area?
You dig through the ice covered rock wall.
You feel drained.
Okay, then.
Unknown command.
You retract your mandibles.
You extend your mandibles.
Really walk into a travel-excluded area?
You dig through the ice covered rock wall.
You feel drained. The ice statue gestures at you.
The freezing blast engulfs you!
You retract your mandibles.
You are engulfed in freezing vapours.
The ice statue gestures.
You slice the ice statue!!
The ice statue is moderately damaged.
You are engulfed in freezing vapours.
The ice statue gestures at you. The shard of ice hits you!!
You slice the ice statue!!
The ice statue is severely damaged.
You slash the ice beast!
You are engulfed in freezing vapours.
The ice beast barely misses you.
You completely miss the ice statue.
The ice statue is severely damaged.
You slash the ice beast!
You kill the ice beast!
The ice beast disappears in a puff of smoke!
You are engulfed in freezing vapours.
* * * LOW HITPOINT WARNING * * *
The ice statue gestures at you. The bolt of cold hits you!!
You die...

#.# ##..## ##.#....#.##
..#
#..######..÷.......##
.##
#..#...#............##
##
##...##........#.....##
.#
####.....☼☼###.......#
.## ##..##☼####.......#
..# ####.###........##
#.## #.##.......###
.#.# ##@°☼....### ≈.##
##8°..### ≈## ##..# ≈≈
##..# ≈≈ ... ### #.


You could see an ice statue.

Vanquished Creatures
  A two-headed ogre (D:9)
  3 death yaks (IceCv)
  Sonja (Lair:1)
  An orc sorcerer (Orc:1)
  5 centaur zombies (D:10)
  2 cane toads (Lair:1)
  Joseph (D:10)
  4 rime drakes
  Maggie (D:7)
  An unseen horror zombie (D:10)
  5 komodo dragons (Lair:1)
  3 trolls
  3 polar bears (IceCv)
  A queen bee (D:9)
  2 hornets
  4 wraiths
  3 vampires
  A centaur simulacrum (D:10)
  2 wyverns
  A shadow (D:9)
  14 yaks
  A basilisk (D:8)
  6 steam dragons
  A vampire mosquito (D:10)
  A warg (Orc:1)
  6 water moccasins
  Duvessa (D:7)
  A black bear (D:6)
  9 orc warriors
  4 sky beasts
  9 ice beasts
  3 ogres
  13 wolves
  2 centaurs
  3 phantoms
  5 kobold brigands
  11 bullfrogs
  4 scorpions
  2 gnoll sergeants (D:9)
  3 two-headed ogre simulacra (Orc:1)
  4 wights (D:7)
  19 killer bees
  Dowan (D:7)
  7 howler monkeys
  4 jellies
  10 orc priests
  6 hounds
  3 sleepcaps
  Terence (D:2)
  7 orc wizards
  A polar bear simulacrum (Orc:1)
  2 troll simulacra (Orc:1)
  2 wolf simulacra (Orc:1)
  9 mummies
  14 gnolls
  5 adders
  A shadow imp (D:5)
  An ufetubus (D:6)
  2 worms
  2 dart slugs (D:1)
  34 orcs
  7 ball pythons
  12 endoplasms
  8 giant cockroaches
  A gnoll zombie (Ossuary)
  5 goblins
  7 hobgoblins
  10 jackals
  13 kobolds
  2 quokkas
  8 bats
  4 frilled lizards
  A goblin zombie (D:7)
  4 hobgoblin zombies
  A kobold zombie (Ossuary)
  3 orc zombies (Ossuary)
  3 rats (D:1)
368 creatures vanquished.

Vanquished Creatures (others)
  An orc wizard (D:8)
1 creature vanquished.

Grand Total: 369 creatures vanquished

Notes
Turn   | Place    | Note
-------+----------+-------------------------------------------
     0 | D:1      | juan097 the Formicid Fighter began the quest for the Orb.
     0 | D:1      | Reached XP level 1. HP: 18/18 MP: 1/1
    87 | D:1      | Reached XP level 2. HP: 20/24 MP: 2/2
   146 | D:1      | Reached skill level 1 in Stealth
   276 | D:1      | Found Cauch's Vocational Training.
   282 | D:1      | Reached XP level 3. HP: 19/29 MP: 3/3
   584 | D:2      | Reached skill level 1 in Dodging
   769 | D:2      | Found Isirus's Antique Weapon Shop.
   827 | D:2      | Reached XP level 4. HP: 35/35 MP: 4/4
   848 | D:2      | Noticed Terence
   860 | D:2      | Killed Terence
  1015 | D:3      | Reached XP level 5. HP: 36/41 MP: 5/5
  1384 | D:3      | Found a bloodstained altar of Trog.
  1680 | D:3      | Found a white marble altar of Elyvilon.
  1751 | D:3      | Found a shimmering blue altar of Sif Muna.
  1751 | D:3      | Found a hazy altar of Hepliaklqana.
  1995 | D:4      | Found a glowing drain.
  2034 | Sewer    | Entered a sewer
  2052 | Sewer    | Noticed a kobold brigand
  2052 | Sewer    | Noticed a kobold brigand
  2058 | Sewer    | Killed a kobold brigand
  2059 | Sewer    | Reached skill level 3 in Axes
  2059 | Sewer    | Reached skill level 5 in Shields
  2059 | Sewer    | Reached XP level 6. HP: 33/47 MP: 6/6
  2175 | Sewer    | Reached XP level 7. HP: 48/52 MP: 7/7
  2358 | D:4      | Found a transporter.
  2361 | D:4      | Noticed superbruh's ghost (amateur TeCj)
  2364 | D:4      | Learned a level 2 spell: Passwall
  2371 | D:4      | Found a transporter.
  2421 | D:4      | Found an opulent altar of Gozag.
  2470 | D:4      | Reached skill level 4 in Axes
  2470 | D:4      | Reached skill level 5 in Armour
  2711 | D:4      | Found Gijos's Antique Weapon Shoppe.
  2720 | D:4      | Bought a glowing war axe for 123 gold pieces
  2772 | D:4      | Found a staircase to the Ecumenical Temple.
  2810 | Temple   | Entered the Ecumenical Temple
  2826 | Temple   | Became a worshipper of Zin the Law-Giver
  2826 | Temple   | Reached * piety under Zin
  2976 | D:5      | Entered Level 5 of the Dungeon
  3151 | D:5      | Reached skill level 5 in Axes
  3242 | D:5      | Reached XP level 8. HP: 54/58 MP: 8/8
  3300 | D:5      | Reached skill level 6 in Axes
  3666 | D:5      | Reached skill level 7 in Axes
  4193 | D:6      | Reached skill level 8 in Axes
  4355 | D:6      | Reached skill level 1 in Invocations
  4362 | D:6      | Noticed a wyvern
  4369 | D:6      | Killed a wyvern
  4370 | D:6      | Reached XP level 9. HP: 37/65 MP: 8/10
  5086 | D:6      | Reached ** piety under Zin
  5400 | D:7      | Noticed Duvessa
  5400 | D:7      | Noticed Dowan
  5405 | D:7      | Noticed a hornet
  5406 | D:7      | Killed Duvessa
  5406 | D:7      | Noticed Maggie
  5411 | D:6      | Reached skill level 5 in Fighting
  5505 | D:7      | Killed Maggie
  5506 | D:7      | Reached XP level 10. HP: 62/74 MP: 11/13
  5519 | D:7      | Reached skill level 9 in Axes
  5607 | D:7      | Found a sand-covered staircase.
  5612 | Ossuary  | Entered an ossuary
  5810 | Ossuary  | Reached *** piety under Zin
  5863 | Ossuary  | Reached **** piety under Zin
  5945 | D:7      | Reached skill level 5 in Invocations
  6095 | D:7      | Found a blossoming altar of Fedhas.
  6291 | D:7      | Killed Dowan
  6420 | D:7      | Reached ***** piety under Zin
  6531 | D:8      | Noticed a komodo dragon
  6533 | D:8      | Found a transporter.
  6533 | D:8      | Noticed an ice statue
  6735 | D:8      | Identified the ring "Okea" {+Blink rElec rC+++ EV+5 Stlth-}
  6745 | D:8      | Noticed a rime drake
  6753 | D:8      | Killed a rime drake
  6757 | D:8      | Reached skill level 10 in Axes
  6759 | D:8      | Noticed knightboat's ghost (novice NaHu)
  6784 | D:8      | HP: 3/76 [something] (11)]
  7026 | D:7      | Reached XP level 11. HP: 31/81 MP: 15/15
  7283 | D:8      | Found a transporter.
  7389 | D:8      | Reached skill level 11 in Axes
  7449 | D:8      | Found a staircase to the Lair.
  7566 | D:8      | Noticed a harpy
  7613 | D:8      | Noticed a salamander
  7623 | D:8      | Noticed a moth of wrath
  7628 | D:8      | a moth of wrath changed into a tarantella
  7943 | Lair:1   | Entered Level 1 of the Lair of Beasts
  8172 | Lair:1   | Reached skill level 1 in Spellcasting
  8172 | Lair:1   | Reached skill level 1 in Transmutations
  8172 | Lair:1   | Reached skill level 1 in Earth Magic
  8941 | Lair:1   | Reached skill level 12 in Axes
  9323 | Lair:1   | Noticed Sonja
  9328 | Lair:1   | Killed Sonja
  9433 | Lair:1   | Found a transporter.
 10122 | D:9      | Reached skill level 5 in Earth Magic
 10262 | D:9      | Found a transporter.
 10269 | D:9      | Noticed a two-headed ogre
 10269 | D:9      | Identified the +3 giant spiked club of the Visionary {vamp,
                  | rN+ Int+3 Stlth+}
 10269 | D:9      | Noticed a two-headed ogre
 10269 | D:9      | Noticed AwFulAwFulPlayer's ghost (novice DEHu)
 10270 | D:9      | Found a transporter.
 10271 | D:9      | Noticed a two-headed ogre
 10271 | D:9      | Noticed a two-headed ogre
 10272 | D:9      | Noticed a two-headed ogre
 10557 | D:9      | Reached XP level 12. HP: 41/89 MP: 8/16
 11074 | D:9      | Noticed a two-headed ogre
 11099 | D:9      | Reached skill level 5 in Transmutations
 11802 | D:9      | Killed a two-headed ogre
 11970 | D:10     | Entered Level 10 of the Dungeon
 12324 | D:10     | Got the Enchiridion on the Jinx and the Storm
 12588 | D:10     | HP: 1/88 [orc priest/divine providence (10)]
 12589 | D:10     | Zin protects you from harm!
 12810 | D:10     | Found a staircase to the Orcish Mines.
 12958 | D:10     | Found a broken altar of Ashenzari.
 13078 | D:10     | Reached skill level 13 in Axes
 13211 | D:10     | Noticed Joseph
 13228 | D:10     | Killed Joseph
 13229 | D:10     | Reached XP level 13. HP: 82/98 MP: 15/19
 13340 | D:10     | Identified the staff of Valiance {rN+ Int+4 Necro}
 13708 | Orc:1    | Entered Level 1 of the Orcish Mines
 13708 | Orc:1    | Found Vusiem's Assorted Antiques.
 13721 | Orc:1    | Found Qyetehav's Book Emporium.
 13727 | Orc:1    | Bought a scroll labelled OSOSOF KACA for 29 gold pieces
 13727 | Orc:1    | Bought a flickering iron ring for 145 gold pieces
 13727 | Orc:1    | Identified the ring of Zotoph {rF+ rN+} (You bought it in a
                  | shop on level 1 of the Orcish Mines)
 13727 | Orc:1    | Bought a pearl ring for 145 gold pieces
 13774 | Orc:1    | Found Edeot's Armour Shop.
 13850 | Orc:1    | Found a frozen archway.
 13978 | Orc:1    | Reached ****** piety under Zin
 14046 | IceCv    | Entered an ice cave
 14362 | IceCv    | Reached skill level 10 in Invocations
 14514 | IceCv    | Reached skill level 14 in Axes
 14545 | IceCv    | Reached skill level 1 in Evocations
 14749 | IceCv    | Reached skill level 1 in Throwing
 14909 | IceCv    | Killed from afar by an ice statue

Illustrated notes

Levels and vault maps discovered:
D:1:      lemuel_arrival_funnel, layout_basic, nicolae_shop_vocational
D:2:      layout_rooms, serial_shops, nicolae_shop_tiny_waterfront,
          minmay_vboxes, uniq_terence
D:3:      layout_basic, gammafunk_temple_overflow_forgotten,
          mainiacjoe_overflow_boulevard
D:4:      layout_layer_cave, grunt_gozag_statues,
          minmay_temple_entry_statues_pillars, serial_shops,
          nicolae_shop_peninsula, gup_sewer_entry_glass, gammafunk_ghost_arena
D:5:      layout_loops_ring
D:6:      layout_loops_ring, minmay_between
D:7:      layout_rooms, mainiacjoe_overflow_catwalk, nicolae_ossuary_entry_giza,
          uniq_duvessa, uniq_maggie
D:8:      layout_gridville, hellmonk_lair_entry_icy, enter_bailey_7,
          nzn_ghost_randoct
D:9:      layout_cave_pods, gammafunk_ghost_smash, special_room
          [special_room_bee]
D:10:     layout_loops_cross, mainiacjoe_overflow_chevrons, david_orc_4,
          serial_undead, serial_undead_c, serial_undead_e, serial_undead_e,
          serial_undead_c, serial_undead_f, serial_undead_b, serial_undead_c,
          hangedman_misty_isle, uniq_joseph
Temple:   minmay_freezing_vapour_temple
Lair:1:   gammafunk_cloud_chamber, layout_regular_city,
          infiniplex_staircase_pool, uniq_sonja
Orc:1:    dreamdust_dug_too_deep, layout_diamond_mine,
          portal_ice_cave_entry_ice_simulacra, serial_shops, shop,
          nicolae_shop_statue_plus, shop, shop, nicolae_shop_overgrown_old_shop,
          uniq_fannar
IceCv:    ice_cave_small_giant

Skill      XL: |  1  2  3  4  5  6  7  8  9 10 11 12 13 |
---------------+----------------------------------------+-----
Stealth        | 1 2 3 4 |  4.0
Dodging        | 1 2 3 4 |  4.0
Armour         | 4 5 6 8 |  8.1
Axes           | 3 5 8 10 12 13 14 | 14.0
Shields        | 5 6 |  6.0
Invocations    | 1 4 6 8 10 | 10.0
Fighting       | 5 6 8 |  8.1
Spellcasting   | 2 3 |  3.0
Transmutations | 4 6 |  6.0
Earth Magic    | 5 7 |  7.0
Evocations     | 1 |  1.1
Throwing       | 1 |  1.0

Action                     |  1- 3 |  4- 6 |  7- 9 | 10-12 | 13-15 || total
---------------------------+-------+-------+-------+-------+-------++-------
  Melee: War axe           |    59 |   104 |   196 |   472 |    89 ||   920
         Hand axe          |       |       |       |    61 |       ||    61
   Fire: Sling             |       |    13 |    19 |       |       ||    32
         Shortbow          |       |       |    13 |    47 |       ||    60
         Orcbow            |       |       |       |    75 |    27 ||   102
  Throw: Dart              |       |     4 |    15 |    26 |     2 ||    47
         Throwing net      |       |     2 |       |       |       ||     2
 Invoke: Recite            |       |       |     1 |    12 |     2 ||    15
         Sanctuary         |       |       |       |     1 |       ||     1
         Vitalisation      |       |       |       |     2 |       ||     2
Ability: Dig               |       |       |       |     2 |     3 ||     5
  Evoke: Wand              |       |       |       |     3 |       ||     3
    Use: Potion            |       |     1 |       |     7 |       ||     8
         Scroll            |       |       |     9 |     9 |     1 ||    19
   Stab: Invisible         |       |       |       |     4 |       ||     4
         Paralysed         |       |       |       |     2 |       ||     2
         Sleeping          |       |       |       |     1 |       ||     1
         Confused          |       |       |       |       |     1 ||     1
 Armour: Scale mail        |    29 |    48 |   107 |   288 |    56 ||   528
  Dodge: Dodged            |    30 |    58 |   121 |   351 |    70 ||   630
  Block: Buckler           |    16 |    26 |    52 |   185 |    29 ||   308

Table legend: (Time is in decaauts)
 A = Elapsed time spent in this place.
 B = Non-inter-level travel time spent in this place.
 C = Inter-level travel time spent in this place.
 D = Time resting spent in this place.
 E = Time spent auto-exploring this place.
 F = Levels seen in this place.
 G = Mean time per level.
                   A        B        C        D        E       F      G
               +--------+--------+--------+--------+--------+-----+--------+
         Total |  15370 |  14900 |    470 |    388 |  10750 |  16 |  960.6 |
       Dungeon |  11399 |  10968 |    431 |    213 |   8096 |  10 | 1139.9 |
        Temple |     21 |     21 |      0 |      0 |     10 |   1 |   21.0 |
          Lair |   2080 |   2041 |     39 |     60 |   1694 |   1 | 2080.0 |
  Orcish Mines |    347 |    347 |      0 |    113 |      0 |   1 |  347.0 |
         Sewer |    316 |    316 |      0 |      0 |    113 |   1 |  316.0 |
       Ossuary |    325 |    325 |      0 |      0 |    172 |   1 |  325.0 |
      Ice Cave |    880 |    880 |      0 |      1 |    664 |   1 |  880.0 |
               +--------+--------+--------+--------+--------+-----+--------+

Top non-repeatable levels by time:
  Lair:1: 2080 daAuts
     D:9: 1812 daAuts
    D:10: 1646 daAuts
     D:8: 1443 daAuts
     D:6: 1351 daAuts
     D:5: 1242 daAuts
     D:7: 1156 daAuts
     D:3: 1007 daAuts
   IceCv: 880 daAuts
     D:4: 709 daAuts
     D:1: 531 daAuts
     D:2: 497 daAuts
   Orc:1: 347 daAuts
 Ossuary: 325 daAuts
   Sewer: 316 daAuts
